 Dungeon Crawl Stone Soup version 0.31-a0-210-gccc998df9b (webtiles) character file.

Game seed: 9673660938172021590

35 qw the Shooter (level 3, -2/21 HPs)
             Began as a Gargoyle Hexslinger on June 30, 2023.
             Killed from afar by Terence (6 damage)
             ... with a puff of flame
             ... on level 2 of the Dungeon.
             The game lasted 00:00:30 (1295 turns).

qw the Shooter (Gargoyle Hexslinger)                Turns: 1295, Time: 00:00:31

Health: -2/21      AC:  7    Str: 11    XL:     3   Next: 33%
Magic:  4/4        EV: 11    Int: 13    God:
Gold:   99         SH:  0    Dex: 14    Spells: 3/4 levels left

rFire   . . .        Y - +2 sling
rCold   . . .        (no shield)
rNeg    + . .        f - +0 leather armour
rPois   inf          i - +0 helmet
rElec   +            (no cloak)
rCorr   .            (no gloves)
SInv    .            (no boots)
Will    .....        (no amulet)
Stlth   +            (no ring)
HPRegen 0.23/turn    (no ring)
MPRegen 0.09/turn

%: no passive effects
@: no status effects
A: sickness immunity, AC +3, negative energy resistance 1, electricity
resistance, torment resistance 1, petrification resistance
a: no special abilities


You were on level 2 of the Dungeon.
You visited 1 branch of the dungeon, and saw 2 of its levels.

You collected 99 gold pieces.


Innate Abilities, Weirdness & Mutations

You are immune to sickness and miasma.
Your stone body is resilient. (AC +3)
You are immune to poison.
You resist negative energy. (rN+)
You are resistant to electric shocks. (rElec)
You are resistant to unholy torment.
You are immune to petrification.


   Skills:
 - Level 2.0 Fighting
 + Level 3.3 Ranged Weapons
 - Level 1.5 Dodging
 - Level 1.0 Spellcasting
 - Level 2.6 Hexes


You had 3 spell levels left.
You knew the following spells:

 Your Spells              Type           Power      Damage    Failure   Level
a - Slow                  Hex            28%        N/A       12%         1

Your spell library contained the following spells:

 Spells                   Type           Power      Damage    Failure   Level
 Inner Flame              Hex/Fire       4%         N/A       54%         3
 Portal Projectile        Hex/Tloc       8%         N/A       54%         3
 Cause Fear               Hex            3%         N/A       77%         4

Inventory:

Hand Weapons
 Y - a +2 sling (weapon)
Armour
 f - a +0 leather armour (worn)
 i - a +0 helmet (worn)
Scrolls
 a - a scroll of enchant armour {unknown}
Potions
 b - a potion of degeneration {unknown}
 d - a potion of lignification {unknown}
 g - a potion of attraction {unknown}

Dungeon Overview and Level Annotations

Branches:
Dungeon (2/15)

Altars:

Annotations:
D:2 Terence


Message History

1278 ||| FLEEEEING.
1279 ||| FLEEEEING.
1280 ||| STILL FLEEEEING.
1281 ||| STILL FLEEEEING.
1282 ||| STILL FLEEEEING.
You start resting.
Terence is nearby!
You shoot a sling bullet. The sling bullet hits Terence!
Terence is moderately wounded.
You shoot a sling bullet. The sling bullet hits Terence.
Terence is heavily wounded.
You shoot a sling bullet.
The sling bullet hits Terence but does no damage.
Terence is heavily wounded.
You shoot a sling bullet.
The sling bullet hits Terence but does no damage.
Terence is heavily wounded.
Terence barely misses you. Terence misses you.
You shoot a sling bullet. The sling bullet hits Terence.
Terence is severely wounded.
Terence barely misses you.
You shoot a sling bullet. The sling bullet barely misses Terence.
Terence hits you with a +0 flail!
You shoot a sling bullet. The sling bullet hits Terence.
Terence is severely wounded.
Terence hits you with a +0 flail.
Terence zaps a wand.
The puff of flame hits you.
You shoot a sling bullet. The sling bullet hits Terence.
Terence is almost dead.
Terence barely misses you.
You shoot a sling bullet.
The sling bullet hits Terence but does no damage.
Terence is almost dead.
Terence zaps a wand.
The puff of flame hits you.
You shoot a sling bullet.
The sling bullet closely misses Terence.
Terence zaps a wand.
The puff of flame misses you.
You shoot a sling bullet. The sling bullet barely misses Terence.
Terence misses you.
Terence zaps a wand.
The puff of flame hits you.
You die...

.# #########.#####.##.# .#
#<# #.....#@##.####### .#
#.# #####.#.##.......# ##
#.###########.#.########.#
#.............#.# #.#
###############.# #.# #.#
#.##
#####################.#
#...
................@@....#
####
.###################### .#
.# .# ##


You could see Terence.

Vanquished Creatures
  A worm (D:2)
  2 dart slugs (D:1)
  2 endoplasms (D:1)
  2 goblins (D:1)
  3 hobgoblins (D:1)
  3 quokkas
  4 bats (D:1)
  4 frilled lizards (D:1)
  5 kobolds (D:1)
  2 rats (D:1)
28 creatures vanquished.

Notes
Turn   | Place    | Note
-------+----------+-------------------------------------------
     0 | D:1      | qw the Gargoyle Hexslinger began the quest for the Orb.
     0 | D:1      | Reached XP level 1. HP: 12/12 MP: 2/2
     0 | D:1      | 0 ||| qw: Version: 0.3-a-26-gee661ec
     0 | D:1      | 0 ||| qw: Game counter: 7251
     0 | D:1      | 0 ||| qw: Melee chars always use a shield: true
     0 | D:1      | 0 ||| qw: God list: Okawaru
     0 | D:1      | 0 ||| qw: Allow faded altars: false
     0 | D:1      | 0 ||| qw: Do Orc after clearing Dungeon:15 true
     0 | D:1      | 0 ||| qw: Do second Lair branch before Depths: true
     0 | D:1      | 0 ||| qw: Lair rune preference: random
     0 | D:1      | 0 ||| qw: Goals: Normal
     0 | D:1      | 0 ||| PLANNING D:1-11
    51 | D:1      | HP: 3/12 [quokka (4)]
   229 | D:1      | Reached XP level 2. HP: 16/16 MP: 3/3
   264 | D:1      | 264 ||| Stepping ~*~*~tactically~*~*~ (water).
   315 | D:1      | Reached skill level 3 in Ranged Weapons
   512 | D:1      | Reached XP level 3. HP: 21/21 MP: 4/4
   975 | D:1      | 975 ||| UPGRADING to +0 leather armour.
   985 | D:1      | 985 ||| DROPPING +0 robe.
   986 | D:1      | 986 ||| UPGRADING to +0 helmet.
   991 | D:1      | 991 ||| READING scroll labelled OHUDGH VOPSAYTH.
   992 | D:1      | 992 ||| READING 2 scrolls labelled NAEGYLLITA.
   993 | D:1      | 993 ||| READING scroll labelled BIR TEMASCHE.
   994 | D:1      | 994 ||| READING scroll labelled ALLOAF DAICIARR.
   995 | D:1      | 995 ||| DROPPING scroll of poison.
   996 | D:1      | 996 ||| DROPPING scroll of amnesia.
  1244 | D:2      | Noticed Terence
  1246 | D:2      | 1246 ||| FLEEEEING.
  1247 | D:2      | 1247 ||| FLEEEEING.
  1248 | D:2      | 1248 ||| FLEEEEING.
  1249 | D:2      | 1249 ||| FLEEEEING.
  1255 | D:2      | 1255 ||| FLEEEEING.
  1256 | D:2      | 1256 ||| FLEEEEING.
  1259 | D:2      | 1259 ||| FLEEEEING.
  1260 | D:2      | 1260 ||| FLEEEEING.
  1261 | D:2      | 1261 ||| FLEEEEING.
  1262 | D:2      | 1262 ||| FLEEEEING.
  1263 | D:2      | 1263 ||| FLEEEEING.
  1264 | D:2      | 1264 ||| FLEEEEING.
  1265 | D:2      | 1265 ||| FLEEEEING.
  1267 | D:2      | 1267 ||| FLEEEEING.
  1273 | D:2      | 1273 ||| FLEEEEING.
  1274 | D:2      | 1274 ||| FLEEEEING.
  1275 | D:2      | 1275 ||| FLEEEEING.
  1276 | D:2      | 1276 ||| FLEEEEING.
  1277 | D:2      | 1277 ||| FLEEEEING.
  1278 | D:2      | 1278 ||| FLEEEEING.
  1279 | D:2      | 1279 ||| FLEEEEING.
  1293 | D:2      | HP: 4/21 [Terence/puff of flame (6)]
  1295 | D:2      | Killed from afar by Terence

Levels and vault maps discovered:
D:1:      dpeg_arrival_arbitrary_b, layout_loops_ring, serial_bayou,
          serial_bayou_shore_b, serial_bayou_shore_b, serial_bayou_shore_b,
          serial_bayou_lagoon_a
D:2:      layout_basic, basic_altar, uniq_terence

Skill      XL: |  1  2 |
---------------+-------+-----
Ranged Weapons | 3 |  3.3
Fighting       | 2 |  2.0
Dodging        | |  1.5
Spellcasting   | |  1.0
Hexes          | |  2.6

Action                     || total
---------------------------++-------
   Fire: Sling             ||   101
    Use: Scroll            ||     4
 Armour: Robe              ||    12
  Dodge: Dodged            ||    30

Table legend:
 A = Non-vault XP
 B = Vault XP
 C = Vault XP percentage of total XP
 D = Non-vault monster count
 E = Vault monster count
 F = Vault count percentage of total count
                 A         B        C        D         E       F
            +---------+---------+-------+---------+---------+-------
      Total |      50 |       0 |   0.0 |      28 |       0 |   0.0
            +---------+---------+-------+---------+---------+-------
        D:1 |      41 |       0 |   0.0 |      25 |       0 |   0.0
        D:2 |       9 |       0 |   0.0 |       3 |       0 |   0.0
            +---------+---------+-------+---------+---------+-------
